 Dungeon Crawl Stone Soup version 0.21.1-1-g345015f (webtiles) character file.

19035 empire the Nimble (level 12, 0/94 HPs)
             Began as a Gnoll Gladiator on Apr 4, 2018.
             Was the Champion of Cheibriados.
             Slain by a skeletal warrior
             ... wielding a +0 glaive
             ... led by a skeletal warrior
              (18 damage)
             ... on level 12 of the Dungeon.
             The game lasted 00:32:32 (9390 turns).

empire the Nimble (Gnoll Gladiator)                 Turns: 9390, Time: 00:32:33

Health: 0/94       AC: 16    Str: 37    XL:     12   Next: 64%
Magic:  20/23      EV: 24    Int: 27    God:    Cheibriados [******]
Gold:   452        SH:  0    Dex: 35    Spells: 25/25 levels left

rFire    . . .     SeeInvis .   b - +8 battleaxe
rCold    . . .     Gourm    .   (shield currently unavailable)
rNeg     . . .     Faith    .   v - +0 troll leather armour
rPois    .         Spirit   .   u - +2 helmet
rElec    .         Reflect  .   I - +2 cloak
rCorr    .         Harm     .   C - +2 pair of gloves
MR       .....                  r - +0 pair of boots
Stlth    ++++++....             l - amulet of regeneration
HPRegen  1.05/turn              D - ring of stealth
MPRegen  0.18/turn              (no ring)

@: mighty, very slow
A: distributed training, fangs 1, strong nose
a: Bend Time, Temporal Distortion, Slouch, Step From Time, Renounce Religion


You were on level 12 of the Dungeon.
You worshipped Cheibriados.
Cheibriados was exalted by your worship.
You were not hungry.

You visited 2 branches of the dungeon, and saw 13 of its levels.
You also visited: Bailey.

You collected 733 gold pieces.
You spent 281 gold pieces at shops.

Inventory:

Hand Weapons
 a - a +2 war axe
 b - a +8 battleaxe (weapon)
 y - the +5 mace of Unreason {drain, *Drain +Blink Str+4 Int+6}
   (You found it on level 5 of the Dungeon)

   A truly terrible weapon, it drains the life of those it strikes.
   It affects your strength (+4).
   It affects your intelligence (+6).
   It lets you blink.
   It causes draining when unequipped.
 U - a +0 arbalest
Missiles
 d - 4 throwing nets (quivered)
 e - 84 poisoned needles
 h - 8 poisoned javelins
 x - 78 bolts
 F - 419 arrows
Armour
 j - a +1 hat
 r - a +0 pair of boots (worn)
 u - a +2 helmet (worn)
 v - a +0 troll leather armour (worn)
 C - a +2 pair of gloves (worn)
 I - a +2 cloak (worn)
Jewellery
 c - an uncursed amulet of magic regeneration
 l - an amulet of regeneration (around neck)
 D - a ring of stealth (left hand)
 J - an uncursed ring of resist corrosion
 M - a +4 ring of evasion {unknown}
 P - an uncursed ring of fire {unknown}
 Y - an uncursed amulet of faith {unknown}
Wands
 s - a wand of digging (15)
 B - a wand of iceblast (9)
 H - a wand of enslavement (21)
 L - a wand of flame (28)
 T - a wand of paralysis (9)
Scrolls
 k - 2 scrolls of teleportation
 q - 7 scrolls of remove curse
 A - a scroll of summoning
 E - 3 scrolls of identify
 G - a scroll of amnesia
 O - a scroll of vulnerability
Potions
 g - 7 potions of degeneration
 i - 6 potions of flight {unknown}
 m - a potion of ambrosia {unknown}
 n - 3 potions of might
 o - 5 potions of lignification {unknown}
 p - 8 potions of curing
 t - 3 potions of agility {unknown}
 w - 2 potions of brilliance {unknown}
 z - 3 potions of invisibility {unknown}
 K - 3 potions of berserk rage
 N - a potion of mutation {unknown}
 S - a potion of haste {unknown}
 V - a potion of experience {unknown}
 W - a potion of resistance {unknown}
Miscellaneous
 Q - a sack of spiders
Comestibles
 f - 27 rations
 X - 10 chunks of flesh


   Skills:
 + Level 8.7 Fighting
 + Level 7.3 Short Blades
 + Level 7.3 Long Blades
 + Level 9.9 Axes
 + Level 7.3 Maces & Flails
 + Level 7.3 Polearms
 + Level 7.3 Staves
 + Level 7.3 Slings
 + Level 7.3 Bows
 + Level 7.3 Crossbows
 + Level 8.7 Throwing
 + Level 7.3 Armour
 + Level 9.9 Dodging
 + Level 7.3 Stealth
 + Level 7.3 Shields
 + Level 7.3 Unarmed Combat
 + Level 7.3 Spellcasting
 + Level 6.1 Conjurations
 + Level 6.1 Hexes
 + Level 6.1 Charms
 + Level 6.1 Summonings
 + Level 6.1 Necromancy
 + Level 6.1 Translocations
 + Level 6.1 Transmutations
 + Level 6.1 Fire Magic
 + Level 6.1 Ice Magic
 + Level 6.1 Air Magic
 + Level 6.1 Earth Magic
 + Level 6.1 Poison Magic
 + Level 8.1 Invocations
 + Level 7.3 Evocations


You had 25 spell levels left.
You didn't know any spells.

Dungeon Overview and Level Annotations

Branches:
Dungeon (12/15)            Temple (1/1) D:6            Lair (0/6) D:9
    Orc (0/2) D:11

Altars:
Ashenzari
Cheibriados
Dithmenos
Elyvilon
Fedhas
Gozag
Hepliaklqana
Kikubaaqudgha
Makhleb
Nemelex Xobeh
Okawaru
Qazlal
Ru
Sif Muna
Trog
Uskayaw
Vehumet
Wu Jian
Xom
Yredelemnul
Zin
The Shining One

Shops:
D:6 =   D:7 :   D:10 =}[=*


Innate Abilities, Weirdness & Mutations

Your experience applies equally to all skills.
You have very sharp teeth.
Your uncanny sense of smell can sniff out nearby items.


Message History

The vampire draws strength from your injuries!
You feel very mighty all of a sudden.
The skeletal warrior completely misses you.
The vampire hits you but does no damage.
The vampire barely misses you.
You slice the vampire!!
You destroy the vampire!
Cheibriados appreciates the change of pace.
The skeletal warrior misses you.
You slice the skeletal warrior!!
The skeletal warrior is almost destroyed.
The skeletal warrior hits you but does no damage.
The skeletal warrior misses you.
You slice the skeletal warrior!!
You destroy the skeletal warrior!
Cheibriados thoroughly appreciates the change of pace.
The skeletal warrior hits you from afar with a glaive!
* * * LOW HITPOINT WARNING * * *
The skeletal warrior hits you from afar with a glaive!!
You die...

..#### ...
.# #....#
.. .#
#..#.#
###.#.#.#
#..#.#
........
#..#.#
#.#.##)###
#..#.#
#.#.#....#
...#<#
#.#.#zz..#
##.###
#.#.#)#..#
....
#.#.#@#..#
...##
#.....##.#
...∆
#)#)### ..
# #.##
#####...#
..# .....
#.......#
#.. ##...
#.###...#
... #.#
##### ∆
#.# #.#
.>.


You could see 2 skeletal warriors.

Vanquished Creatures
  The ghost of Solrac the Fighter, a journeyman MiFi of the Shining One (D:12)
  3 two-headed ogres
  Nergalle (D:11)
  2 skeletal warriors (D:12)
  An unseen horror (D:10)
  4 orc knights (Bailey)
  Pikel (D:5)
  2 ugly things
  A cyclops (D:11)
  A centaur zombie (D:10)
  A gargoyle (D:9)
  2 trolls
  Grinder (D:3)
  A hornet (D:11)
  A hippogriff (D:8)
  A vampire (D:12)
  A wyvern (D:12)
  A wraith (D:11)
  5 yaks (D:10)
  2 hungry ghosts
  Grum (D:11)
  Menkaure (D:5)
  3 soldier ants
  Edmund (D:4)
  2 porcupines (D:9)
  12 orc warriors
  A sky beast (D:11)
  4 ice beasts
  3 black bears
  A slave (D:5)
  A phantom (D:12)
  An eye of draining (D:12)
  7 ogres
  2 wolves (D:11)
  12 centaurs
  A crocodile (D:11)
  2 big kobolds
  5 bullfrogs
  A gnoll sergeant (D:12)
  A water moccasin skeleton (D:10)
  12 killer bees
  4 scorpions
  5 wights (D:11)
  2 howler monkeys (D:10)
  3 crimson imps
  2 quasits
  Crazy Yiuf (D:5)
  3 hounds
  5 jellies
  3 orc priests
  A bullfrog skeleton (D:6)
  2 centaur skeletons
  Jessica (D:3)
  3 iguanas
  7 worker ants
  3 orc wizards (D:7)
  A hound skeleton (D:11)
  2 hound zombies
  2 howler monkey zombies
  Robin (D:3)
  13 gnolls
  18 adders
  5 shadow imps
  An ooze (D:6)
  4 adder skeletons
  2 worms
  3 dart slugs
  4 leopard geckos
  63 orcs
  5 bats
  5 giant cockroaches
  15 goblins
  7 hobgoblins
  15 jackals
  12 kobolds
  A quokka (D:3)
  2 frilled lizards (D:3)
  A jackal zombie (D:7)
  2 leopard gecko skeletons
  6 rats
  10 fungi (D:9)
  9 plants (D:9)
361 creatures vanquished.

Notes
Turn   | Place    | Note
-------+----------+-------------------------------------------
     0 | D:1      | empire the Gnoll Gladiator began the quest for the Orb.
     0 | D:1      | Reached XP level 1. HP: 20/20 MP: 1/1
   158 | D:1      | HP: 1/20 [gnoll/spear (10)]
   159 | D:1      | Reached XP level 2. HP: 2/26 MP: 2/2
   860 | D:1      | Reached XP level 3. HP: 31/31 MP: 3/3
  1094 | D:2      | Reached skill level 1 in Invocations
  1118 | D:2      | Found a faded altar of an unknown god.
  1128 | D:2      | Reached skill level 1 in Short Blades
  1128 | D:2      | Reached skill level 1 in Long Blades
  1128 | D:2      | Reached skill level 1 in Maces & Flails
  1128 | D:2      | Reached skill level 1 in Polearms
  1128 | D:2      | Reached skill level 1 in Staves
  1128 | D:2      | Reached skill level 1 in Slings
  1128 | D:2      | Reached skill level 1 in Bows
  1128 | D:2      | Reached skill level 1 in Crossbows
  1128 | D:2      | Reached skill level 1 in Armour
  1128 | D:2      | Reached skill level 1 in Stealth
  1128 | D:2      | Reached skill level 1 in Shields
  1128 | D:2      | Reached skill level 1 in Unarmed Combat
  1128 | D:2      | Reached skill level 1 in Spellcasting
  1128 | D:2      | Reached skill level 1 in Evocations
  1155 | D:2      | Reached XP level 4. HP: 38/38 MP: 5/5
  1554 | D:3      | Noticed Robin
  1560 | D:3      | Reached skill level 1 in Conjurations
  1560 | D:3      | Reached skill level 1 in Hexes
  1560 | D:3      | Reached skill level 1 in Charms
  1560 | D:3      | Reached skill level 1 in Summonings
  1560 | D:3      | Reached skill level 1 in Necromancy
  1560 | D:3      | Reached skill level 1 in Translocations
  1560 | D:3      | Reached skill level 1 in Transmutations
  1560 | D:3      | Reached skill level 1 in Fire Magic
  1560 | D:3      | Reached skill level 1 in Ice Magic
  1560 | D:3      | Reached skill level 1 in Air Magic
  1560 | D:3      | Reached skill level 1 in Earth Magic
  1560 | D:3      | Reached skill level 1 in Poison Magic
  1570 | D:3      | Killed Robin
  1577 | D:3      | Reached XP level 5. HP: 36/43 MP: 6/6
  1794 | D:3      | Noticed Grinder
  1800 | D:3      | Paralysed by Grinder for 2 turns
  1803 | D:3      | Killed Grinder
  1803 | D:3      | Reached skill level 5 in Fighting
  1803 | D:3      | Reached skill level 5 in Throwing
  1803 | D:3      | Reached XP level 6. HP: 35/51 MP: 7/9
  1881 | D:3      | Noticed Jessica
  1886 | D:3      | Killed Jessica
  1974 | D:3      | Reached XP level 7. HP: 56/56 MP: 10/10
  2184 | D:4      | Noticed Edmund
  2208 | D:4      | Killed Edmund
  2563 | D:5      | Entered Level 5 of the Dungeon
  2770 | D:5      | Noticed Pikel
  2795 | D:5      | Killed Pikel
  2795 | D:5      | Reached XP level 8. HP: 40/64 MP: 12/12
  2886 | D:5      | Noticed Menkaure
  2891 | D:5      | Killed Menkaure
  3135 | D:5      | Found a runed door.
  3211 | D:5      | Noticed Crazy Yiuf
  3221 | D:5      | Killed Crazy Yiuf
  3225 | D:5      | Got a scorched mace
  3344 | D:6      | Found a bloodstained altar of Trog.
  3361 | D:6      | Reached XP level 9. HP: 44/69 MP: 14/14
  3948 | D:6      | Found Moekisil's Jewellery Shop.
  4125 | D:6      | Found a staircase to the Ecumenical Temple.
  4143 | Temple   | Entered the Ecumenical Temple
  4334 | Temple   | Became a worshipper of Cheibriados the Contemplative
  4819 | D:7      | Identified the +5 mace of Unreason {drain, *Drain +Blink Str+4 Int+6} (You found it on level 5 of the Dungeon)
  4960 | D:7      | Reached * piety under Cheibriados
  5007 | D:7      | Found Koured's Book Boutique.
  5338 | D:8      | Found a stormy altar of Qazlal.
  5520 | D:8      | Reached skill level 5 in Invocations
  5557 | D:8      | Reached XP level 10. HP: 41/77 MP: 15/17
  6270 | D:9      | Reached ** piety under Cheibriados
  6270 | D:9      | Reached skill level 5 in Short Blades
  6270 | D:9      | Reached skill level 5 in Long Blades
  6270 | D:9      | Reached skill level 5 in Maces & Flails
  6270 | D:9      | Reached skill level 5 in Polearms
  6270 | D:9      | Reached skill level 5 in Staves
  6270 | D:9      | Reached skill level 5 in Slings
  6270 | D:9      | Reached skill level 5 in Bows
  6270 | D:9      | Reached skill level 5 in Crossbows
  6270 | D:9      | Reached skill level 5 in Armour
  6270 | D:9      | Reached skill level 5 in Stealth
  6270 | D:9      | Reached skill level 5 in Shields
  6270 | D:9      | Reached skill level 5 in Unarmed Combat
  6270 | D:9      | Reached skill level 5 in Spellcasting
  6270 | D:9      | Reached skill level 5 in Evocations
  6273 | D:9      | Noticed a gargoyle
  6294 | D:9      | Killed a gargoyle
  6556 | D:9      | Found a staircase to the Lair.
  6691 | D:9      | Found a sacrificial altar of Ru.
  7011 | D:10     | Entered Level 10 of the Dungeon
  7042 | D:10     | Found a flagged portal.
  7064 | Bailey   | Entered a bailey
  7158 | Bailey   | Reached *** piety under Cheibriados
  7305 | Bailey   | Noticed an orc knight
  7305 | Bailey   | Noticed an orc knight
  7309 | Bailey   | Noticed an orc knight
  7313 | Bailey   | Killed an orc knight
  7320 | Bailey   | Killed an orc knight
  7333 | Bailey   | Killed an orc knight
  7333 | Bailey   | Reached XP level 11. HP: 48/84 MP: 11/19
  7377 | Bailey   | Noticed an orc knight
  7519 | Bailey   | Killed an orc knight
  7594 | D:10     | Noticed a brown ugly thing
  7603 | D:10     | Killed a brown ugly thing
  7603 | D:10     | Reached skill level 5 in Conjurations
  7603 | D:10     | Reached skill level 5 in Hexes
  7603 | D:10     | Reached skill level 5 in Charms
  7603 | D:10     | Reached skill level 5 in Summonings
  7603 | D:10     | Reached skill level 5 in Necromancy
  7603 | D:10     | Reached skill level 5 in Translocations
  7603 | D:10     | Reached skill level 5 in Transmutations
  7603 | D:10     | Reached skill level 5 in Fire Magic
  7603 | D:10     | Reached skill level 5 in Ice Magic
  7603 | D:10     | Reached skill level 5 in Air Magic
  7603 | D:10     | Reached skill level 5 in Earth Magic
  7603 | D:10     | Reached skill level 5 in Poison Magic
  7615 | D:10     | Found Piwuynt's Jewellery Shoppe.
  7646 | D:10     | Found Vyot's Armour Shop.
  7668 | D:10     | Reached **** piety under Cheibriados
  7673 | D:10     | Found Nuobbeciole's Gadget Emporium.
  7704 | D:10     | Killed an unseen horror
  7716 | D:10     | Noticed a two-headed ogre
  7719 | D:10     | Bought a wand of iceblast (9) for 169 gold pieces
  7734 | D:10     | Found Wabovewn's Jewellery Emporium.
  7929 | D:10     | Found Xeafamall's General Store.
  7937 | D:10     | Bought a scroll of vulnerability for 112 gold pieces
  8048 | D:10     | Reached ***** piety under Cheibriados
  8073 | D:10     | Killed a two-headed ogre
  8338 | D:11     | Noticed a cyclops
  8341 | D:11     | Killed a cyclops
  8365 | D:11     | Found a staircase to the Orcish Mines.
  8366 | D:11     | Noticed a two-headed ogre
  8375 | D:11     | Killed a two-headed ogre
  8375 | D:11     | Reached XP level 12. HP: 78/93 MP: 20/22
  8642 | D:11     | Noticed Nergalle
  8653 | D:11     | Killed Nergalle
  8817 | D:11     | Noticed Grum
  8826 | D:11     | Killed Grum
  9071 | D:12     | Noticed Solrac's ghost (journeyman MiFi)
  9082 | D:12     | Killed Solrac's ghost
  9259 | D:12     | Reached ****** piety under Cheibriados
  9331 | D:12     | Noticed a two-headed ogre
  9336 | D:12     | Killed a two-headed ogre
  9390 | D:12     | Slain by a skeletal warrior

Skill      XL: |  1  2  3  4  5  6  7  8  9 10 11 12 |
---------------+-------------------------------------+-----
Invocations    | 1 2 3 4 5 6 7 8 |  8.1
Short Blades   | 1 2 3 4 5 6 7 |  7.3
Long Blades    | 1 2 3 4 5 6 7 |  7.3
Maces & Flails | 1 2 3 4 5 6 7 |  7.3
Polearms       | 1 2 3 4 5 6 7 |  7.3
Staves         | 1 2 3 4 5 6 7 |  7.3
Slings         | 1 2 3 4 5 6 7 |  7.3
Bows           | 1 2 3 4 5 6 7 |  7.3
Crossbows      | 1 2 3 4 5 6 7 |  7.3
Armour         | 1 2 3 4 5 6 7 |  7.3
Stealth        | 1 2 3 4 5 6 7 |  7.3
Shields        | 1 2 3 4 5 6 7 |  7.3
Unarmed Combat | 1 2 3 4 5 6 7 |  7.3
Spellcasting   | 1 2 3 4 5 6 7 |  7.3
Evocations     | 1 2 3 4 5 6 7 |  7.3
Conjurations   | 1 2 3 4 5 6 |  6.1
Hexes          | 1 2 3 4 5 6 |  6.1
Charms         | 1 2 3 4 5 6 |  6.1
Summonings     | 1 2 3 4 5 6 |  6.1
Necromancy     | 1 2 3 4 5 6 |  6.1
Translocations | 1 2 3 4 5 6 |  6.1
Transmutations | 1 2 3 4 5 6 |  6.1
Fire Magic     | 1 2 3 4 5 6 |  6.1
Ice Magic      | 1 2 3 4 5 6 |  6.1
Air Magic      | 1 2 3 4 5 6 |  6.1
Earth Magic    | 1 2 3 4 5 6 |  6.1
Poison Magic   | 1 2 3 4 5 6 |  6.1
Fighting       | 5 6 7 8 |  8.7
Throwing       | 5 6 7 8 |  8.7
Axes           | 7 8 9 |  9.9
Dodging        | 7 8 9 |  9.9

Action                   |  1- 3 |  4- 6 |  7- 9 | 10-12 || total
-------------------------+-------+-------+-------+-------++-------
Melee: War axe           |    58 |   129 |    53 |       ||   240
       Bite              |     5 |    13 |    53 |    90 ||   161
       Punch             |       |     1 |       |       ||     1
       Battleaxe         |       |       |   273 |   433 ||   706
Invok: Bend Time         |       |       |       |     1 ||     1
       Temporal Distorti |       |       |       |     1 ||     1
Evoke: Wand              |       |       |       |    18 ||    18
  Use: Scroll            |       |       |    14 |    15 ||    29
       Potion            |       |       |       |     7 ||     7
 Stab: Sleeping          |     1 |     3 |     8 |    15 ||    27
       Distracted        |       |       |       |     2 ||     2
  Eat: Chunk             |     1 |     2 |    12 |     9 ||    24
Armor: Leather armour    |    17 |    28 |    84 |    89 ||   218
       Troll leather arm |       |       |       |    47 ||    47
Dodge: Dodged            |    56 |   127 |   349 |   729 ||  1261
